 Dungeon Crawl Stone Soup version 0.25.0-15-gac7dcb8919 (webtiles) character file.

Game seed: 15113992029535981518

142 Peloso the Skirmisher (level 5, -11/41 HPs)
             Began as a Demonspawn Fighter on June 29, 2020.
             Blown up by Ijyb (14 damage)
             ... with a disintegration bolt
             ... on level 3 of the Dungeon.
             The game lasted 00:03:45 (2120 turns).

Peloso the Skirmisher (Demonspawn Fighter)          Turns: 2120, Time: 00:03:45

Health: -11/41     AC:  6    Str: 18    XL:     5   Next: 4%
Magic:  14/14      EV:  7    Int:  9    God:
Gold:   97         SH: 13    Dex: 12    Spells: 4/4 levels left

rFire    . . .     SeeInvis .   a - +0 long sword
rCold    . . .     Gourm    .   c - +0 kite shield
rNeg     . . .     Faith    .   b - +0 scale mail
rPois    .         Spirit   .   (no helmet)
rElec    .         Reflect  .   (no cloak)
rCorr    .         Harm     .   (no gloves)
MR       .....                  (no boots)
Stlth    +.........             (no amulet)
HPRegen  0.13/turn              l - ring of magical power
MPRegen  0.14/turn              (no ring)

@: no status effects
A: large bone plates 1, nightstalker 1
a: no special abilities


You were on level 3 of the Dungeon.
You were not hungry.

You visited 1 branch of the dungeon, and saw 3 of its levels.

You collected 97 gold pieces.

Inventory:

Hand Weapons
 a - a +0 long sword (weapon)
Armour
 b - a +0 scale mail (worn)
 c - a +0 kite shield (worn)
Jewellery
 l - a ring of magical power (left hand)
Wands
 s - a wand of digging (6)
Scrolls
 e - 2 scrolls of fear {unknown}
 g - a scroll of teleportation {unknown}
 h - a scroll of random uselessness {unknown}
 i - a scroll of remove curse {unknown}
 j - a scroll of magic mapping {unknown}
 n - a scroll of blinking {unknown}
Potions
 k - a potion of ambrosia
 m - a potion of cancellation
 o - a potion of flight
 p - a potion of resistance
Comestibles
 f - 5 rations


   Skills:
 + Level 3.4 Fighting
 + Level 3.2 Long Blades
 + Level 3.2 Armour
 + Level 1.1 Dodging
 + Level 0.3 Stealth
 + Level 3.3 Shields


You had 4 spell levels left.
You didn't know any spells.
Your spell library was empty.

Dungeon Overview and Level Annotations

Branches:
Dungeon (3/15)

Altars:

Annotations:
D:3 Ijyb


Innate Abilities, Weirdness & Mutations

You are partially covered in large bone plates. (SH +4)
You are slightly more attuned to the shadows.


Message History

Ijyb zaps a wand.
You are blasted!
That item cannot be evoked!
Fire/throw which item? (* to show all) (? for menu, Esc to quit)
Firing (i - inventory) No suitable missiles.
Press: ? - help, Shift-Dir - straight line, f - Ijyb
Aim: Ijyb, wielding a +0 dagger, wearing a +0 leather armour and carrying a wand of disintegration (15)
You toss away a potion of degeneration.
The potion of degeneration barely misses Ijyb.
You block Ijyb's attack.
You closely miss Ijyb. You block Ijyb's attack.
You slash Ijyb!
Ijyb is heavily wounded.
Ijyb screams, "Get away!"
You block Ijyb's attack.
Ijyb zaps a wand.
You are blasted!
Ouch! That really hurt!
* * * LOW HITPOINT WARNING * * *
You closely miss Ijyb.
Ijyb is heavily wounded.
Ijyb zaps a wand.
You are blasted!
You die...

#.#.........
#.#.#.#####.
#.#.#.....#.#
#.#.#.###.#.#...[.
#.#.#...#.#.#.....
#.#...#.#.#.#...O.
######.###.#.#.#.#K....
.......###.#)..#.#(....
......@.##)#.#.#.#.....
......g.+.>.<....(.....
........##.###.#.###.##
##+#...........#.#
#..!#.#.#####..
#####.#.# #### ..#.# #
#.


You could see Ijyb.

Vanquished Creatures
  An ogre (D:3)
  Natasha (D:2)
  A leopard gecko (D:1)
  2 giant cockroaches (D:1)
  5 goblins
  2 jackals (D:1)
  5 bats
  A frilled lizard (D:1)
  7 kobolds
  5 rats
30 creatures vanquished.

Notes
Turn   | Place    | Note
-------+----------+-------------------------------------------
     0 | D:1      | Peloso the Demonspawn Fighter began the quest for the Orb.
     0 | D:1      | Reached XP level 1. HP: 18/18 MP: 1/1
   241 | D:1      | Gained mutation: You are slightly more attuned to the
                  | shadows. [demonic ancestry]
   241 | D:1      | Reached XP level 2. HP: 24/24 MP: 2/2
  1249 | D:2      | Noticed Natasha
  1257 | D:2      | Noticed a crimson imp
  1267 | D:2      | Killed Natasha
  1267 | D:2      | Gained mutation: You are partially covered in large bone
                  | plates. (SH +4) [demonic ancestry]
  1267 | D:2      | Reached XP level 3. HP: 17/29 MP: 3/3
  1851 | D:3      | Noticed an ogre
  1871 | D:3      | Killed an ogre
  1871 | D:3      | Reached skill level 1 in Dodging
  1871 | D:3      | Reached XP level 4. HP: 10/35 MP: 4/4
  1871 | D:3      | Reached XP level 5. HP: 12/41 MP: 5/5
  2111 | D:3      | Noticed Ijyb
  2120 | D:3      | Blown up by Ijyb

Illustrated notes

Levels and vault maps discovered:
D:1:      doesnt_arrival_eight_statues, layout_loops_ring, minmay_statues_item
D:2:      layout_basic, st_stairs_6, uniq_natasha
D:3:      layout_basic, first_ration, kennysheep_generic_room_7, uniq_ijyb

Skill      XL: |  1  2  3 |
---------------+----------+-----
Shields        | 3 |  3.3
Long Blades    | 2 3 |  3.2
Armour         | 3 |  3.2
Dodging        | 1 |  1.1
Fighting       | |  3.4
Stealth        | |  0.3

Action                   |  1- 3 |  4- 6 || total
-------------------------+-------+-------++-------
Melee: Long sword        |   116 |     3 ||   119
  Use: Scroll            |     2 |     3 ||     5
       Potion            |     1 |       ||     1
  Eat: Chunk             |     3 |     1 ||     4
Armor: Scale mail        |    61 |       ||    61
       Skin              |     5 |       ||     5
Dodge: Dodged            |    28 |       ||    28
Block: Kite shield       |    63 |     3 ||    66
       Rpst.: Long sword |     5 |       ||     5
